 Dungeon Crawl Stone Soup version 0.23.2-40-g277498a001 (webtiles) character file.

Game seed: 18005084998274572066

30 Marnok the Skirmisher (level 3, -13/29 HPs)
             Began as a Demonspawn Chaos Knight on Oct 7, 2019.
             Was a Plaything of Xom.
             Mangled by an ogre
             ... wielding a +0 giant club
              (16 damage)
             ... on level 1 of the Dungeon.
             The game lasted 00:02:26 (665 turns).

Marnok the Skirmisher (Demonspawn Chaos Knight)      Turns: 665, Time: 00:02:29

Health: -13/29     AC:  7    Str: 10 (13) XL:     3   Next: 5%
Magic:  3/3        EV: 11    Int: 12 (13) God:    Xom [..*...]
Gold:   44         SH:  0    Dex: 11 (14) Spells: 2/2 levels left

rFire    . . .     SeeInvis .   a - +0 spear (chaos)
rCold    . . .     Gourm    .   (no shield)
rNeg     . . .     Faith    .   b - +2 leather armour
rPois    .         Spirit   .   i - +0 helmet
rElec    .         Reflect  .   (no cloak)
rCorr    .         Harm     .   h - +0 pair of gloves
MR       +....                  (no boots)
Stlth    +.........             (no amulet)
HPRegen  0.09/turn              g - ring of protection from magic
MPRegen  0.08/turn              (no ring)

@: hasted, very quick
A: claws 1, hooves 1, agile 1
a: Renounce Religion


You were on level 1 of the Dungeon.
You worshipped Xom.
You were a toy of Xom.
You were not hungry.

You visited 1 branch of the dungeon, and saw 2 of its levels.

You collected 44 gold pieces.

Inventory:

Hand Weapons
 a - a +0 spear of chaos (weapon)
Armour
 b - a +2 leather armour (worn)
 h - a +0 pair of gloves (worn)
 i - a +0 helmet (worn)
Jewellery
 g - a ring of protection from magic (left hand)
Scrolls
 d - a scroll of identify {unknown}
Potions
 f - a potion of curing {unknown}
Comestibles
 c - 2 rations


   Skills:
 + Level 3.5 Fighting
 + Level 3.2 Polearms
 + Level 1.9 Armour
 + Level 1.1 Dodging


You had 2 spell levels left.
You didn't know any spells.
Your spell library was empty.

Dungeon Overview and Level Annotations

Branches:
Dungeon (2/15)

Altars:

Annotations:
D:2 Terence


Innate Abilities, Weirdness & Mutations

You have sharp fingernails.
You have large cloven feet.
You are agile. (Dex +2)


Message History

There is a stone staircase leading down here.
You hit the ogre but do no damage.
The ogre hits you with a +0 giant club!!
Ouch! That really hurt!
A shower of butterflies erupts from you!
You hit the ogre.
The ogre is lightly wounded.
The ogre hits you with a +0 giant club!
* * * LOW HITPOINT WARNING * * *
It was a potion of mutation.
You feel extremely strange.
You feel agile.
Your feet thicken and deform.
Xom thinks this is hilarious!
It was a potion of degeneration.
There was something very wrong with that liquid.
You feel weakened.
You feel dopey.
You feel clumsy. Xom smiles on you.
You feel yourself speed up. The ogre hits you with a +0 giant club!
Ouch! That really hurt!
You die...
Xom bursts into laughter!

# # #
##################.#
.......(....b..O@bb#
....################
....# ....# ....#
....# ....#####
........# ........#


You could see an ogre.

Vanquished Creatures
  A dart slug (D:1)
  A leopard gecko (D:1)
  2 giant cockroaches (D:1)
  5 goblins (D:1)
  7 hobgoblins (D:1)
  2 bats (D:1)
  A kobold (D:1)
  6 rats (D:1)
25 creatures vanquished.

Notes
Turn   | Place    | Note
-------+----------+-------------------------------------------
     0 | D:1      | Marnok the Demonspawn Chaos Knight began the quest for the
                  | Orb.
     0 | D:1      | Reached XP level 1. HP: 18/18 MP: 1/1
    61 | D:1      | XOM: divination: magic mapping
    83 | D:1      | Reached skill level 1 in Dodging
    83 | D:1      | Gained mutation: You have sharp fingernails. [demonic
                  | ancestry]
    83 | D:1      | Reached XP level 2. HP: 24/24 MP: 2/2
   414 | D:1      | Reached XP level 3. HP: 23/29 MP: 3/3
   659 | D:2      | Noticed Terence
   659 | D:2      | Noticed an ogre
   662 | D:1      | XOM: butterfly on damage
   664 | D:1      | Gained mutation: You are agile. (Dex +2) [potion of
                  | mutation]
   664 | D:1      | Gained mutation: You have large cloven feet. [potion of
                  | mutation]
   665 | D:1      | XOM: potion effect (haste)
   665 | D:1      | Mangled by an ogre

Skill      XL: |  1  2 |
---------------+-------+-----
Dodging        | 1 |  1.1
Polearms       | 3 |  3.2
Fighting       | |  3.5
Armour         | |  1.9

Action                   || total
-------------------------++-------
Melee: Spear             ||    67
  Use: Potion            ||     2
Armor: Leather armour    ||    30
Dodge: Dodged            ||    36
